 Dungeon Crawl Stone Soup version 0.27-a0-488-g88baaf19db (webtiles) character file.

Game seed: 13208589441619515598

16613 Dirtsage the Grappler (level 12, -6/96 HPs)
             Began as a Demonspawn Gladiator on Mar 1, 2021.
             Was a Believer of Makhleb.
             Killed from afar by a smoke demon (12 damage)
             ... with a ball of steam
             ... on level 2 of the Abyss.
             The game lasted 00:34:23 (11494 turns).

Dirtsage the Grappler (Demonspawn Gladiator)       Turns: 11494, Time: 00:34:23

Health: -6/96      AC: 12    Str: 20    XL:     12   Next: 11%
Magic:  13/15      EV: 17    Int: 10    God:    Makhleb [**....]
Gold:   462        SH:  6    Dex: 14    Spells: 11/11 levels left

rFire    . . .     SeeInvis .     - Unarmed
rCold    . . .     Faith    .   (no shield)
rNeg     . . .     Spirit   .   K - +0 troll leather armour
rPois    .         Reflect  .   b - +0 helmet
rElec    .         Harm     .   (no cloak)
rCorr    .         Rampage  .   (no gloves)
Will     .....                  k - +0 pair of boots
Stlth    +.........             (no amulet)
HPRegen  1.26/turn              Y - +4 ring of slaying
MPRegen  0.14/turn              O - +4 ring of protection

@: agile, studying Translocations
A: claws 2, large bone plates 2, demonic guardian 1, icemail 1, condensation
shield
a: Renounce Religion, Minor Destruction


You were on level 2 of the Abyss.
You worshipped Makhleb.
Makhleb was pleased with you.
You visited 2 branches of the dungeon, and saw 13 of its levels.
You visited the Abyss 1 time.

You collected 597 gold pieces.
You spent 135 gold pieces at shops.


Innate Abilities, Weirdness & Mutations

You have very sharp fingernails.
You are mostly covered in large bone plates. (SH +6)
A weak demonic guardian rushes to your aid.
A meltable icy envelope protects you from harm. (AC +0)
A meltable shield of frost defends you. (SH +0)


   Skills:
 + Level 9.5 Fighting
 - Level 1.7 Throwing
 + Level 8.2 Armour
 - Level 2.6 Dodging
 * Level 13.5 Unarmed Combat
 + Level 4.2 Invocations


You had 11 spell levels left.
You didn't know any spells.
Your spell library contained the following spells:

 Spells                   Type           Power        Failure   Level
 Sandblast                Erth           0%           41%         1
 Passwall                 Tmut/Erth      0%           54%         2
 Stone Arrow              Conj/Erth      0%           78%         3
 Petrify                  Tmut/Erth      0%           99%         4
 Summon Lightning Spire   Summ/Air       0%           99%         4
 Lee's Rapid Deconstruct  Erth           0%           100%        5
 Silence                  Hex/Air        0%           100%        5
 Conjure Ball Lightning   Conj/Air       0%           100%        6
 Tornado                  Air            0%           100%        9

Inventory:

Hand Weapons
 h - a +1 mace of protection
 i - a +1 hand axe of freezing
 G - the +8 dagger "Unalough" {vorpal, rF+ rN+}
   (You found it on level 7 of the Dungeon)

   It inflicts extra damage upon your enemies.
   It protects you from fire.
   It protects you from negative energy.
Missiles
 c - 3 throwing nets (quivered) {=f}
 z - 17 boomerangs
Armour
 a - a +0 leather armour
 b - a +0 helmet (worn)
 d - a +0 buckler
 k - a +0 pair of boots (worn)
 t - a +0 scale mail
 K - a +0 troll leather armour (worn)
Jewellery
 A - an amulet of the acrobat
 D - a +6 ring of dexterity
 H - an amulet of magic regeneration
 O - a +4 ring of protection (right claw)
 S - a +6 ring of strength
 Y - a +4 ring of slaying (left claw)
Wands
 j - a wand of acid (9)
 l - a wand of polymorph (10)
 M - a wand of flame (21)
Scrolls
 g - 4 scrolls of amnesia {unknown}
 p - 3 scrolls of magic mapping {unknown}
 q - 2 scrolls of blinking {unknown}
 s - 4 scrolls of teleportation {@r4}
 u - 2 scrolls of random uselessness {unknown}
 v - 3 scrolls of immolation {unknown}
 x - 2 scrolls of fear {unknown}
 y - 2 scrolls of identify {@r1}
 B - 3 scrolls of enchant armour {unknown}
 L - a scroll of fog {unknown}
Potions
 e - 2 potions of ambrosia
 f - a potion of flight
 m - 3 potions of mutation
 n - 3 potions of might
 o - a potion of resistance
 r - a potion of attraction
 w - 5 potions of curing {@q1}
 C - a potion of heal wounds {@q2}
 E - a potion of invisibility
 F - a potion of magic {unknown}
 I - a potion of might
 J - a potion of haste {unknown}

Dungeon Overview and Level Annotations

Branches:
Dungeon (12/15)            Temple (1/1) D:4             Orc (0/2) D:10
   Lair: D:8-11

Altars:
Ashenzari
Cheibriados
Dithmenos
Elyvilon
Fedhas
Gozag
Hepliaklqana
Kikubaaqudgha
Makhleb
Nemelex Xobeh
Okawaru
Qazlal
Ru
Sif Muna
Trog
Uskayaw
Vehumet
Wu Jian
Xom
Yredelemnul
Zin
The Shining One
Beogh

Shops:
D:6 *   D:9 !

Annotations:
D:4 3 runed translucent doors, Inkie's ghost, amateur DsFi; bmj180's ghost, amateur KoHu
D:8 Vault-Rock wall
D:11 Erolcha

. ▓▓... ░.
▒░░.▓.▒▓▓..▒
▒.▓.▓.....░
▒......#...# ░
▒...░.#.##... ..
▒.........#.#▒ .
▒.x@§x.....░.. . . #
......▒.43.....▒.▒.?
..
....▒▒.▒▒X..#.....▒
▒.. ▓..
..░.......#▒#.▓ .
#▒Z.─.[ ▒#.......▓#
#...3▒▒....▒...§ #.
. #Z..... ▒▒.▒...
.░▒.. ▒.#...░
▒▒▒...... . # #.....
.. ▒▒..... ..#


You could see a large abomination, a smoke demon, a chaos spawn, 2 small
abominations and a shadow dragon skeleton.


Message History

Your ufetubus hits the starspawn tentacle. x2
The tentacled starspawn bites you but does no damage.
The tentacled starspawn engulfs you but does no damage.
The smoke demon gestures at you. Something smites you!
* * * LOW HITPOINT WARNING * * *
A starspawn tentacle segment comes into view.
You mangle the tentacled starspawn!!
You destroy the tentacled starspawn!
Makhleb accepts your kill.
The starspawn's tentacles wither and die.
You block the chaos spawn's attack.
The small abomination closely misses you.
Your Invocations skill increases to level 4!
You have reached level 12!
Your experience leads to an increase in your attributes!
Increase (S)trength, (I)ntelligence, or (D)exterity?
You feel stronger. x2
A small abomination comes into view.
There is a gateway leading out of the Abyss here.
The chaos spawn hits you!
* * * LOW HITPOINT WARNING * * *
You are engulfed in flames.
Your icy defenses dissipate!
* * * LOW HITPOINT WARNING * * *
The small abomination hits your ufetubus!
Your ufetubus dies!
The smoke demon gestures at you. The ball of steam hits you!
You die...

Skill      XL: |  1  2  3  4  5  6  7  8  9 10 11 |
---------------+----------------------------------+-----
Unarmed Combat | 3 4 5 7 8 9 10 12 13 | 13.5
Fighting       | 3 5 6 8 9 |  9.5
Armour         | 1 3 5 6 8 |  8.2
Invocations    | 4 |  4.2
Throwing       | |  1.7
Dodging        | |  2.6

Action                   |  1- 3 |  4- 6 |  7- 9 | 10-12 || total
-------------------------+-------+-------+-------+-------++-------
Melee: Unarmed           |   173 |   105 |   317 |   505 ||  1100
       Punch             |     4 |     2 |    16 |    28 ||    50
  Use: Scroll            |       |     3 |     2 |     4 ||     9
       Potion            |       |       |       |     3 ||     3
 Stab: Sleeping          |     1 |       |       |       ||     1
       Distracted        |       |       |     1 |     1 ||     2
Armor: Leather armour    |    35 |     2 |       |       ||    37
       Scale mail        |       |    21 |    90 |   100 ||   211
       Troll leather arm |       |       |       |    86 ||    86
Dodge: Dodged            |    92 |    47 |   141 |   234 ||   514
Block: Other             |    18 |     9 |    96 |   230 ||   353

Levels and vault maps discovered:
D:1:      nzn_arrival_depleted_hourglass, layout_basic,
          ebering_dispersal_statue_hall, fountainhead
D:2:      layout_loops_cross, old_standard_altar
D:3:      layout_basic
D:4:      layout_cave_pools, okawaru_metal_pillars_1_2, minitemple,
          minmay_temple_entry_proselytizer, gammafunk_ghost_cemetery
D:5:      layout_rooms, lemuel_round_altar, minmay_manual_mess
D:6:      layout_basic, chequers_temple_overflow_statue_of_worship,
          serial_shops, nicolae_shop_overgrown_old_shop, uniq_pikel
D:7:      layout_cave_pools, minmay_misc_feat_cross, kennysheep_cluttered_room,
          st_stairs_7, trog_butcher_becter
D:8:      layout_basic, overflow_temple_1_default, kiku_gazebo_pond_becter,
          basic_altar, minivault_12
D:9:      layout_basic, bloody_makhleb, serial_shops, nicolae_shop_waterfront
D:10:     layout_stronghold, minmay_orc_entry_temple_large, due_unseen_surprise
D:11:     layout_irregular_city, minmay_lair_entry_grove, serial_bayou,
          serial_bayou_lagoon_b, serial_bayou_pond_c, serial_bayou_pond_a,
          serial_bayou_pond_e, uniq_erolcha, uniq_grum
D:12:     layout_cross, serial_shops, nicolae_shop_stone, uniq_urug,
          uniq_frances
Temple:   cyrus_temple_forest
Abyss:2:  base: D:6, hangedman_abyss_river_spirits

Notes
Turn   | Place    | Note
-------+----------+-------------------------------------------
     0 | D:1      | Dirtsage the Demonspawn Gladiator began the quest for the
                  | Orb.
     0 | D:1      | Reached XP level 1. HP: 16/16 MP: 1/1
    57 | D:1      | Reached skill level 3 in Unarmed Combat
   303 | D:1      | Gained mutation: A meltable shield of frost defends you.
                  | (SH +0) [demonic ancestry]
   303 | D:1      | Reached XP level 2. HP: 22/22 MP: 2/2
  1097 | D:2      | Gained mutation: You have sharp fingernails. [demonic
                  | ancestry]
  1097 | D:2      | Reached XP level 3. HP: 21/28 MP: 3/3
  1566 | D:2      | Found a radiant altar of Vehumet.
  2232 | D:3      | Reached skill level 4 in Unarmed Combat
  2466 | D:3      | Noticed an ogre
  2620 | D:3      | Noticed an ogre
  2623 | D:3      | Gained mutation: A weak demonic guardian rushes to your
                  | aid. [demonic ancestry]
  2623 | D:3      | Reached XP level 4. HP: 32/34 MP: 4/4
  2642 | D:3      | Killed an ogre
  2643 | D:3      | Reached skill level 5 in Unarmed Combat
  2643 | D:3      | Reached XP level 5. HP: 11/40 MP: 5/5
  3370 | D:3      | Killed an ogre
  3752 | D:4      | Found a runed translucent gate.
  3752 | D:4      | Found a runed translucent gate.
  3752 | D:4      | Found a runed translucent gate.
  3753 | D:4      | Noticed Inkie's ghost (amateur DsFi)
  3753 | D:4      | Noticed bmj180's ghost (amateur KoHu)
  3840 | D:4      | Found a shadowy altar of Dithmenos.
  3841 | D:4      | Found an opulent altar of Gozag.
  3848 | D:4      | Gained mutation: You have very sharp fingernails. [demonic
                  | ancestry]
  3848 | D:4      | Reached XP level 6. HP: 46/46 MP: 6/6
  3858 | D:4      | Reached skill level 6 in Unarmed Combat
  4187 | D:4      | Found an iron altar of Okawaru.
  4285 | D:4      | Found a hide-covered altar of Uskayaw.
  4329 | D:4      | Found a staircase to the Ecumenical Temple.
  4336 | Temple   | Entered the Ecumenical Temple
  4479 | D:5      | Entered Level 5 of the Dungeon
  4799 | D:5      | Reached skill level 7 in Unarmed Combat
  4799 | D:5      | Gained mutation: A meltable icy envelope protects you from
                  | harm. (AC +0) [demonic ancestry]
  4799 | D:5      | Reached XP level 7. HP: 48/51 MP: 7/7
  5004 | D:5      | Reached skill level 3 in Fighting
  5201 | D:5      | Reached skill level 1 in Armour
  5201 | D:5      | Reached skill level 8 in Unarmed Combat
  5377 | D:5      | Found a hazy altar of Hepliaklqana.
  5472 | D:6      | Found Dipp's Assorted Antiques.
  5496 | D:6      | Gained mutation: You are partially covered in large bone
                  | plates. (SH +4) [demonic ancestry]
  5496 | D:6      | Reached XP level 8. HP: 58/58 MP: 8/8
  5520 | D:6      | Reached skill level 2 in Armour
  5532 | D:6      | Reached skill level 4 in Fighting
  5718 | D:6      | Found a shimmering blue altar of Sif Muna.
  5719 | D:6      | Found an ornate altar of the Wu Jian Council.
  5723 | D:6      | Found a shimmering altar of Xom.
  5996 | D:6      | Reached skill level 9 in Unarmed Combat
  6034 | D:6      | Reached skill level 3 in Armour
  6049 | D:6      | Noticed Pikel
  6059 | D:6      | Killed Pikel
  6060 | D:6      | Reached skill level 5 in Fighting
  6060 | D:6      | Reached XP level 9. HP: 68/68 MP: 9/9
  6343 | D:6      | Reached skill level 4 in Armour
  6731 | D:7      | Reached skill level 10 in Unarmed Combat
  6880 | D:7      | Reached skill level 6 in Fighting
  6998 | D:7      | Found a bloodstained altar of Trog.
  7021 | D:7      | Identified the +8 dagger "Unalough" {vorpal, rF+ rN+}
  7202 | D:7      | Reached skill level 5 in Armour
  7487 | D:8      | Found a sparkling altar of Nemelex Xobeh.
  7588 | D:8      | Found a sacrificial altar of Ru.
  7602 | D:8      | Reached XP level 10. HP: 61/77 MP: 10/10
  7768 | D:8      | Reached skill level 11 in Unarmed Combat
  7968 | D:8      | Reached skill level 7 in Fighting
  8489 | D:8      | Found an ancient bone altar of Kikubaaqudgha.
  8731 | D:9      | You fall into a shaft and drop 3 floors!
  8753 | D:11     | Reached skill level 6 in Armour
  8864 | D:11     | Noticed a gargoyle
  8877 | D:10     | Entered Level 10 of the Dungeon
  8885 | D:9      | Noticed a five-headed hydra
  8956 | D:9      | Killed a five-headed hydra
  9327 | D:9      | Found Pastif's Distillery.
  9373 | D:9      | Found a burning altar of Makhleb.
  9397 | D:9      | Reached skill level 12 in Unarmed Combat
  9437 | D:9      | Became a worshipper of Makhleb the Destroyer
  9528 | D:9      | Bought a potion of heal wounds for 75 gold pieces
  9528 | D:9      | Bought a potion of might for 60 gold pieces
  9632 | D:9      | Reached skill level 8 in Fighting
  9854 | D:10     | You fall into a shaft and drop 2 floors!
  9898 | D:10     | Gained mutation: You are mostly covered in large bone
                  | plates. (SH +6) [demonic ancestry]
  9898 | D:10     | Reached XP level 11. HP: 47/86 MP: 11/11
 10104 | D:10     | Found a staircase to the Orcish Mines.
 10463 | D:10     | Found a roughly hewn altar of Beogh.
 10473 | D:10     | Reached skill level 7 in Armour
 10487 | D:10     | Reached * piety under Makhleb
 10879 | D:11     | Noticed Erolcha
 10994 | D:11     | Reached ** piety under Makhleb
 11164 | D:11     | Noticed a brown ugly thing
 11164 | D:11     | Noticed a two-headed ogre
 11178 | D:11     | Killed a brown ugly thing
 11179 | D:11     | Reached skill level 1 in Invocations
 11185 | D:11     | Killed a two-headed ogre
 11186 | D:11     | Reached skill level 9 in Fighting
 11186 | D:11     | Reached skill level 13 in Unarmed Combat
 11187 | D:11     | Reached skill level 2 in Invocations
 11201 | D:11     | Noticed Grum
 11214 | D:11     | Killed Grum
 11341 | D:11     | You are cast into the Abyss!
 11341 | D:11     | Cast into level 2 of the Abyss (Erolcha)
 11412 | Abyss:2  | Reached skill level 8 in Armour
 11412 | Abyss:2  | Reached skill level 3 in Invocations
 11427 | Abyss:2  | Noticed a spatial maelstrom
 11445 | Abyss:2  | Noticed a thrashing horror
 11449 | Abyss:2  | Killed a thrashing horror
 11471 | Abyss:2  | Noticed a large abomination
 11478 | Abyss:2  | Noticed a tentacled starspawn
 11492 | Abyss:2  | Killed a tentacled starspawn
 11493 | Abyss:2  | Reached skill level 4 in Invocations
 11493 | Abyss:2  | Reached XP level 12. HP: 16/96 MP: 13/15
 11494 | Abyss:2  | HP: 6/96 [chaos spawn (6)]
 11494 | Abyss:2  | Killed from afar by a smoke demon

Vanquished Creatures
  A tentacled starspawn (Abyss:2)
  A hydra (D:9)
  A two-headed ogre (D:11)
  A thrashing horror (Abyss:2)
  Pikel (D:6)
  An ugly thing (D:11)
  A kobold demonologist (D:10)
  2 ancient zymes (Abyss:2)
  2 trolls (D:10)
  2 slime creatures (D:10)
  A water elemental (D:10)
  2 wyverns
  13 yaks
  A basilisk (D:11)
  Grum (D:11)
  A water moccasin (D:11)
  8 orc warriors
  A black bear (D:6)
  4 ice beasts
  A necrophage (D:8)
  5 sky beasts
  3 ogres
  3 wolves (D:11)
  6 centaurs
  A phantom (D:8)
  4 lemures (D:6)
  A kobold brigand (D:9)
  A gnoll sergeant (D:6)
  10 bullfrogs
  6 scorpions
  30 killer bees
  17 wights
  9 electric eels
  2 howler monkeys
  A bullfrog zombie (D:5)
  2 hounds
  3 jellies
  8 orc priests
  5 bullfrog skeletons
  A centaur skeleton (D:6)
  4 iguanas
  8 orc wizards
  15 worker ants
  A killer bee zombie (D:5)
  A hound zombie (D:9)
  A howler monkey zombie (D:5)
  6 gnolls
  9 adders
  3 shadow imps
  5 white imps
  3 ufetubi
  An adder skeleton (D:4)
  An adder zombie (D:8)
  5 worms
  A dart slug (D:4)
  5 leopard geckos
  54 orcs
  4 giant cockroaches
  7 goblins
  6 hobgoblins
  6 jackals (D:1)
  10 kobolds
  8 quokkas
  8 bats
  2 frilled lizards
  A leopard gecko skeleton (D:5)
  2 leopard gecko zombies
  3 rats
344 creatures vanquished.

Vanquished Creatures (collateral kills)
  An ogre (D:3)
  An orc (D:10)
2 creatures vanquished.

Vanquished Creatures (others)
  A bush (D:11)
  7 fungi (D:11)
  54 plants
  3 starspawn tentacles (Abyss:2)
  6 withered plants (D:4)
71 creatures vanquished.

Grand Total: 417 creatures vanquished

Table legend: (Time is in decaauts)
 A = Elapsed time spent in this place.
 B = Non-inter-level travel time spent in this place.
 C = Inter-level travel time spent in this place.
 D = Time resting spent in this place.
 E = Time spent auto-exploring this place.
 F = Levels seen in this place.
 G = Mean time per level.
                   A        B        C        D        E       F      G
               +--------+--------+--------+--------+--------+-----+--------+
         Total |  11324 |  10890 |    434 |    271 |   8274 |  14 |  808.9 |
       Dungeon |  11094 |  10685 |    409 |    271 |   8226 |  12 |  924.5 |
        Temple |     82 |     57 |     25 |      0 |     48 |   1 |   82.0 |
         Abyss |    146 |    146 |      0 |      0 |      0 |   1 |  146.0 |
               +--------+--------+--------+--------+--------+-----+--------+

Top non-repeatable levels by time:
     D:2: 1344 daAuts
     D:3: 1301 daAuts
     D:6: 1217 daAuts
     D:8: 1188 daAuts
     D:1: 1081 daAuts
    D:10: 1063 daAuts
     D:5: 940 daAuts
     D:9: 882 daAuts
     D:7: 755 daAuts
     D:4: 690 daAuts
    D:11: 609 daAuts
 Abyss:2: 146 daAuts
  Temple: 82 daAuts
    D:12: 19 daAuts

Table legend:
 A = Non-vault XP
 B = Vault XP
 C = Vault XP percentage of total XP
 D = Non-vault monster count
 E = Vault monster count
 F = Vault count percentage of total count
                 A         B        C        D         E       F
            +---------+---------+-------+---------+---------+-------
      Total |   21322 |    2411 |  10.2 |     307 |      34 |  10.0
            +---------+---------+-------+---------+---------+-------
        D:1 |      38 |       0 |   0.0 |      22 |       0 |   0.0
        D:2 |      35 |       0 |   0.0 |      15 |       0 |   0.0
        D:3 |     280 |       0 |   0.0 |      15 |       0 |   0.0
        D:4 |     169 |      44 |  20.7 |       8 |       1 |  11.1
        D:5 |     688 |      27 |   3.8 |      32 |       4 |  11.1
        D:6 |    1532 |     673 |  30.5 |      41 |       1 |   2.4
        D:7 |    1478 |     281 |  16.0 |      27 |       5 |  15.6
        D:8 |    2046 |       0 |   0.0 |      40 |       0 |   0.0
        D:9 |    2823 |       0 |   0.0 |      36 |       0 |   0.0
       D:10 |    3879 |     519 |  11.8 |      29 |      17 |  37.0
       D:11 |    4511 |     867 |  16.1 |      38 |       6 |  13.6
    Abyss:2 |    3843 |       0 |   0.0 |       4 |       0 |   0.0
            +---------+---------+-------+---------+---------+-------
